 Dungeon Crawl Stone Soup version 0.23-a0-32-g1388f29 (webtiles) character file.

3431 mopl the Magician (level 10, 0/115 HPs)
             Began as a Gnoll Warper on Aug 3, 2018.
             Was a Follower of Ashenzari.
             Succumbed to an orc wizard's poison
             ... on level 7 of the Dungeon on Aug 4, 2018.
             The game lasted 00:17:59 (8282 turns).

mopl the Magician (Gnoll Warper)                    Turns: 8282, Time: 00:18:00

Health: 0/115      AC: 25    Str: 18 (21) XL:     10   Next: 5%
Magic:  20/20      EV:  2    Int: 15 (16) God:    Ashenzari [*.....]
Gold:   293        SH:  0    Dex: 17 (20) Spells: 12/23 levels left

rFire    . . .     SeeInvis .   a - +0 long sword
rCold    . . .     Gourm    +   (no shield)
rNeg     + + +     Faith    .   (armour currently unavailable)
rPois    +         Spirit   .   (helmet currently unavailable)
rElec    .         Reflect  .   (cloak currently unavailable)
rCorr    +         Harm     .   (gloves currently unavailable)
MR       .....     NoTele   +   (boots currently unavailable)
Stlth    ++++......             y - amulet of the gourmand
HPRegen  0.29/turn              k - ring of resist corrosion
MPRegen  0.17/turn              (no ring)

@: mighty, agile, lethally poisoned (0 -> -7), tree-form (expiring)
A: distributed training, strong nose
a: Curse Item, Scrying, Renounce Religion


You were on level 7 of the Dungeon.
You worshipped Ashenzari.
Ashenzari was aware of your devotion.
You were completely stuffed.
You were a tree.
You visited 1 branch of the dungeon, and saw 7 of its levels.

You collected 293 gold pieces.

Inventory:

Hand Weapons
 a - a +0 long sword (weapon)
 b - a +2 dagger of electrocution
 B - a +2 dagger of draining
 D - a +0 vampiric halberd
 Q - a cursed -3 blowgun
Missiles
 e - 5 tomahawks of dispersal
 g - 104 arrows
 j - 6 needles of sleeping
 q - 241 stones
 s - 15 bolts
 t - 46 sling bullets
 w - 5 javelins
 z - 3 steel tomahawks
 F - 33 poisoned needles
 G - 2 throwing nets (quivered)
 P - 7 tomahawks
Armour
 c - a +0 ring mail (melded)
 l - a +0 cloak (melded)
 M - a +0 pair of boots (melded)
Jewellery
 k - a ring of resist corrosion (left branch)
 y - an amulet of the gourmand (around neck)
 T - an uncursed ring of fire
Wands
 A - a wand of polymorph (6)
 L - a wand of iceblast (9)
 N - a wand of disintegration (12)
Scrolls
 d - 2 scrolls of blinking
 h - 3 scrolls of fear {unknown}
 n - a scroll of enchant armour {unknown}
 o - 4 scrolls of remove curse
 r - 3 scrolls of magic mapping {unknown}
 u - a scroll of noise {unknown}
 x - 3 scrolls of teleportation {unknown}
 J - 3 scrolls of enchant weapon {unknown}
 S - a scroll of silence {unknown}
Potions
 m - a potion of invisibility
 p - 3 potions of mutation {!q}
 C - a potion of magic
 K - a potion of flight {unknown}
Comestibles
 f - 12 rations
 O - 4 chunks of flesh


   Skills:
 + Level 6.7 Fighting
 + Level 4.8 Short Blades
 + Level 6.7 Long Blades
 + Level 4.8 Axes
 + Level 4.8 Maces & Flails
 + Level 4.8 Polearms
 + Level 4.8 Staves
 + Level 4.8 Slings
 + Level 4.8 Bows
 + Level 4.8 Crossbows
 + Level 5.5 Throwing
 + Level 5.5 Armour
 + Level 6.7 Dodging
 + Level 4.8 Stealth
 + Level 4.8 Shields
 + Level 4.8 Unarmed Combat
 + Level 7.0 Spellcasting
 + Level 3.9 Conjurations
 + Level 3.9 Hexes
 + Level 3.9 Charms
 + Level 3.9 Summonings
 + Level 3.9 Necromancy
 + Level 6.8 Translocations
 + Level 3.9 Transmutations
 + Level 3.9 Fire Magic
 + Level 3.9 Ice Magic
 + Level 3.9 Air Magic
 + Level 3.9 Earth Magic
 + Level 3.9 Poison Magic
 + Level 5.2 Invocations
 + Level 4.8 Evocations


You had 12 spell levels left.
You knew the following spells:

 Your Spells              Type           Power        Failure   Level  Hunger
a - Lesser Beckoning      Tloc           ####......   2%          3    ##.....
e - Blink                 Tloc           N/A          1%          2    None
f - Shroud of Golubria    Chrm/Tloc      ###.......   2%          2    None
P - Passage of Golubria   Tloc           N/A          8%          4    ####...

Your spell library contained the following spells:

 Spells                   Type           Power        Failure   Level  Hunger
 Teleport Other           Tloc           ####....     2%          3    ##.....
 Gell's Gravitas          Tloc           ####......   2%          3    ##.....


Dungeon Overview and Level Annotations

Branches:
Dungeon (7/15)             Temple (0/1) D:4

Altars:
Ashenzari
Dithmenos
Vehumet
The Shining One


Innate Abilities, Weirdness & Mutations

Your experience applies equally to all skills.
((You have very sharp teeth.))
Your uncanny sense of smell can sniff out nearby items.


Message History

Aiming: Disintegrate
Press: ? - help, Shift-Dir - straight line, f/p - orc priest
Aim: an orc priest, wielding a whip (almost dead, chance to defeat MR: 81%)
The orc priest is blasted.
You blow up the orc priest!
Your transformation is almost over.
* * * LOW HITPOINT WARNING * * *
You feel sick.
It was a potion of degeneration.
There was something very wrong with that liquid.
You feel weakened.
You feel dopey.
You feel clumsy.
* * * LOW HITPOINT WARNING * * *
You feel sick.
It was a potion of might.
You feel very mighty all of a sudden.
* * * LOW HITPOINT WARNING * * *
You feel sick.
It was a potion of agility.
You feel agile all of a sudden.
You die...

# #.# ## ##.## .####.#.#######
.....###......# )####.#.#####.# #
<#####.######.# #.#######
..).........#.# #.......########
.###...####.#.#######)........$..
## #.### #.....♣))......########
# #.# ###.##########.# #.# #.#
#.# #.# .#. #.# #.# .# # #.# #.#
.# #.# ## #.# #.# #.#


There were no monsters in sight!

Vanquished Creatures
  Harold (D:6)
  Eustachio (D:5)
  Edmund (D:5)
  An orc warrior (D:6)
  An ice beast (D:6)
  A phantom (D:7)
  A sky beast (D:5)
  5 ogres
  A centaur (D:5)
  A big kobold (D:4)
  2 bullfrogs
  A wyvern skeleton (D:4)
  2 scorpions
  2 crimson imps
  7 orc priests
  3 hounds
  A gnoll shaman (D:5)
  A centaur skeleton (D:4)
  4 orc wizards
  An iguana (D:5)
  Ijyb (D:5)
  Natasha (twice) (D:3)
  6 worker ants
  2 hound skeletons (D:5)
  13 gnolls
  11 adders
  A shadow imp (D:7)
  2 adder zombies
  3 worms
  2 dart slugs (D:1)
  A leopard gecko (D:4)
  45 orcs
  9 giant cockroaches
  14 goblins
  15 hobgoblins
  6 jackals
  18 kobolds
  2 quokkas
  A ball python (D:1)
  8 bats
  11 frilled lizards
  9 rats
220 creatures vanquished.

Notes
Turn   | Place    | Note
-------+----------+-------------------------------------------
     0 | D:1      | mopl the Gnoll Warper began the quest for the Orb.
     0 | D:1      | Reached XP level 1. HP: 20/20 MP: 6/6
    55 | D:1      | Reached XP level 2. HP: 17/26 MP: 7/7
   165 | D:1      | Learned a level 2 spell: Blink
   449 | D:1      | Reached XP level 3. HP: 31/31 MP: 9/9
   461 | D:1      | Reached skill level 5 in Spellcasting
   923 | D:2      | Reached skill level 1 in Invocations
  1132 | D:2      | Reached skill level 1 in Short Blades
  1132 | D:2      | Reached skill level 1 in Axes
  1132 | D:2      | Reached skill level 1 in Maces & Flails
  1132 | D:2      | Reached skill level 1 in Polearms
  1132 | D:2      | Reached skill level 1 in Staves
  1132 | D:2      | Reached skill level 1 in Slings
  1132 | D:2      | Reached skill level 1 in Bows
  1132 | D:2      | Reached skill level 1 in Crossbows
  1132 | D:2      | Reached skill level 1 in Stealth
  1132 | D:2      | Reached skill level 1 in Shields
  1132 | D:2      | Reached skill level 1 in Unarmed Combat
  1132 | D:2      | Reached skill level 1 in Evocations
  1139 | D:2      | Reached XP level 4. HP: 32/38 MP: 11/11
  1181 | D:2      | Learned a level 2 spell: Shroud of Golubria
  1475 | D:2      | Found a faded altar of an unknown god.
  1605 | D:2      | Reached skill level 1 in Conjurations
  1605 | D:2      | Reached skill level 1 in Hexes
  1605 | D:2      | Reached skill level 1 in Charms
  1605 | D:2      | Reached skill level 1 in Summonings
  1605 | D:2      | Reached skill level 1 in Necromancy
  1605 | D:2      | Reached skill level 1 in Transmutations
  1605 | D:2      | Reached skill level 1 in Fire Magic
  1605 | D:2      | Reached skill level 1 in Ice Magic
  1605 | D:2      | Reached skill level 1 in Air Magic
  1605 | D:2      | Reached skill level 1 in Earth Magic
  1605 | D:2      | Reached skill level 1 in Poison Magic
  1940 | D:3      | Reached XP level 5. HP: 38/43 MP: 9/12
  2082 | D:3      | Noticed Natasha
  2092 | D:3      | Killed Natasha
  2111 | D:3      | Reached skill level 3 in Throwing
  2111 | D:3      | Reached skill level 3 in Armour
  2215 | D:3      | Reached skill level 2 in Invocations
  2215 | D:3      | Reached XP level 6. HP: 43/50 MP: 11/13
  2550 | D:3      | Noticed Natasha
  2562 | D:3      | Killed Natasha
  2645 | D:3      | Reached skill level 5 in Fighting
  2645 | D:3      | Reached skill level 5 in Long Blades
  2645 | D:3      | Reached skill level 5 in Dodging
  2665 | D:3      | Reached skill level 2 in Short Blades
  2665 | D:3      | Reached skill level 2 in Axes
  2665 | D:3      | Reached skill level 2 in Maces & Flails
  2665 | D:3      | Reached skill level 2 in Polearms
  2665 | D:3      | Reached skill level 2 in Staves
  2665 | D:3      | Reached skill level 2 in Slings
  2665 | D:3      | Reached skill level 2 in Bows
  2665 | D:3      | Reached skill level 2 in Crossbows
  2665 | D:3      | Reached skill level 2 in Stealth
  2665 | D:3      | Reached skill level 2 in Shields
  2665 | D:3      | Reached skill level 2 in Unarmed Combat
  2665 | D:3      | Reached skill level 2 in Evocations
  3174 | D:4      | Found a shattered altar of Ashenzari.
  3174 | D:4      | Found a glowing golden altar of the Shining One.
  3191 | D:4      | Found a faded altar of an unknown god.
  3193 | D:4      | Became a worshipper of Ashenzari the Shackled
  3197 | D:4      | Found a shadowy altar of Dithmenos.
  3198 | D:4      | Found a faded altar of an unknown god.
  3303 | D:4      | Reached XP level 7. HP: 10/56 MP: 13/15
  3605 | D:4      | Reached skill level 2 in Conjurations
  3605 | D:4      | Reached skill level 2 in Hexes
  3605 | D:4      | Reached skill level 2 in Charms
  3605 | D:4      | Reached skill level 2 in Summonings
  3605 | D:4      | Reached skill level 2 in Necromancy
  3605 | D:4      | Reached skill level 2 in Transmutations
  3605 | D:4      | Reached skill level 2 in Fire Magic
  3605 | D:4      | Reached skill level 2 in Ice Magic
  3605 | D:4      | Reached skill level 2 in Air Magic
  3605 | D:4      | Reached skill level 2 in Earth Magic
  3605 | D:4      | Reached skill level 2 in Poison Magic
  3611 | D:4      | Found a radiant altar of Vehumet.
  3854 | D:5      | Entered Level 5 of the Dungeon
  3885 | D:5      | HP: 1/56 [gnoll/spear (6)]
  3894 | D:5      | Reached skill level 3 in Invocations
  4447 | D:4      | Found a staircase to the Ecumenical Temple.
  4498 | D:4      | Reached skill level 6 in Translocations
  4498 | D:4      | Reached XP level 8. HP: 61/63 MP: 16/16
  4644 | D:4      | Reached skill level 4 in Throwing
  4644 | D:4      | Reached skill level 4 in Armour
  4833 | D:4      | Reached skill level 3 in Short Blades
  4833 | D:4      | Reached skill level 3 in Axes
  4833 | D:4      | Reached skill level 3 in Maces & Flails
  4833 | D:4      | Reached skill level 3 in Polearms
  4833 | D:4      | Reached skill level 3 in Staves
  4833 | D:4      | Reached skill level 3 in Slings
  4833 | D:4      | Reached skill level 3 in Bows
  4833 | D:4      | Reached skill level 3 in Crossbows
  4833 | D:4      | Reached skill level 3 in Stealth
  4833 | D:4      | Reached skill level 3 in Shields
  4833 | D:4      | Reached skill level 3 in Unarmed Combat
  4833 | D:4      | Reached skill level 3 in Evocations
  5317 | D:5      | Reached skill level 6 in Spellcasting
  5368 | D:5      | Noticed Ijyb
  5375 | D:5      | Killed Ijyb
  5663 | D:5      | Noticed Edmund
  5679 | D:5      | Killed Edmund
  5766 | D:5      | Noticed Eustachio
  5928 | D:5      | Killed Eustachio
  5928 | D:5      | Reached skill level 3 in Conjurations
  5928 | D:5      | Reached skill level 3 in Hexes
  5928 | D:5      | Reached skill level 3 in Charms
  5928 | D:5      | Reached skill level 3 in Summonings
  5928 | D:5      | Reached skill level 3 in Necromancy
  5928 | D:5      | Reached skill level 3 in Transmutations
  5928 | D:5      | Reached skill level 3 in Fire Magic
  5928 | D:5      | Reached skill level 3 in Ice Magic
  5928 | D:5      | Reached skill level 3 in Air Magic
  5928 | D:5      | Reached skill level 3 in Earth Magic
  5928 | D:5      | Reached skill level 3 in Poison Magic
  5928 | D:5      | Reached skill level 4 in Invocations
  6098 | D:5      | Reached skill level 6 in Fighting
  6098 | D:5      | Reached skill level 6 in Long Blades
  6098 | D:5      | Reached skill level 6 in Dodging
  6098 | D:5      | Reached XP level 9. HP: 69/69 MP: 18/18
  6099 | D:5      | Upgraded the game from 0.23-a0-29-g1be82e5 to 0.23-a0-32-g1388f29
  6663 | D:6      | Reached * piety under Ashenzari
  6831 | D:6      | Reached skill level 4 in Short Blades
  6831 | D:6      | Reached skill level 4 in Axes
  6831 | D:6      | Reached skill level 4 in Maces & Flails
  6831 | D:6      | Reached skill level 4 in Polearms
  6831 | D:6      | Reached skill level 4 in Staves
  6831 | D:6      | Reached skill level 4 in Slings
  6831 | D:6      | Reached skill level 4 in Bows
  6831 | D:6      | Reached skill level 4 in Crossbows
  6831 | D:6      | Reached skill level 4 in Stealth
  6831 | D:6      | Reached skill level 4 in Shields
  6831 | D:6      | Reached skill level 4 in Unarmed Combat
  6831 | D:6      | Reached skill level 4 in Evocations
  7600 | D:6      | Learned a level 3 spell: Lesser Beckoning
  7605 | D:6      | Learned a level 4 spell: Passage of Golubria
  7922 | D:7      | Reached skill level 5 in Throwing
  7922 | D:7      | Reached skill level 5 in Armour
  8055 | D:7      | Noticed Harold
  8086 | D:6      | Killed Harold
  8086 | D:6      | Reached skill level 5 in Invocations
  8200 | D:7      | Reached skill level 7 in Spellcasting
  8200 | D:7      | Reached XP level 10. HP: 64/77 MP: 20/20
  8264 | D:7      | HP: 3/77 [orc priest/divine providence (12)]
  8277 | D:7      | HP: 5/115 [poisoned by an orc wizard]
  8280 | D:7      | HP: 2/115 [poisoned by an orc wizard]
  8282 | D:7      | Succumbed to an orc wizard's poison

Vault maps used:
D:1:      eino_arrival_water_star, grunt_decor_one_mirror
D:2:      chequers_ecumenical_altar_grove, first_ration
D:3:      uniq_natasha
D:4:      vehumet_crystals, chequers_temple_overflow_minitemple,
          minmay_temple_entry_crystal_x
D:5:      uniq_eustachio, uniq_ijyb, uniq_edmund
D:6:      corexii_shantytown
D:7:      marbit_many_paths, uniq_menkaure, uniq_harold

Skill      XL: |  1  2  3  4  5  6  7  8  9 |
---------------+----------------------------+-----
Spellcasting   | 5 6 7 |  7.0
Invocations    | 1 2 3 4 5 |  5.2
Short Blades   | 1 2 3 4 |  4.8
Axes           | 1 2 3 4 |  4.8
Maces & Flails | 1 2 3 4 |  4.8
Polearms       | 1 2 3 4 |  4.8
Staves         | 1 2 3 4 |  4.8
Slings         | 1 2 3 4 |  4.8
Bows           | 1 2 3 4 |  4.8
Crossbows      | 1 2 3 4 |  4.8
Stealth        | 1 2 3 4 |  4.8
Shields        | 1 2 3 4 |  4.8
Unarmed Combat | 1 2 3 4 |  4.8
Evocations     | 1 2 3 4 |  4.8
Conjurations   | 1 2 3 |  3.9
Hexes          | 1 2 3 |  3.9
Charms         | 1 2 3 |  3.9
Summonings     | 1 2 3 |  3.9
Necromancy     | 1 2 3 |  3.9
Transmutations | 1 2 3 |  3.9
Fire Magic     | 1 2 3 |  3.9
Ice Magic      | 1 2 3 |  3.9
Air Magic      | 1 2 3 |  3.9
Earth Magic    | 1 2 3 |  3.9
Poison Magic   | 1 2 3 |  3.9
Throwing       | 3 4 5 |  5.5
Armour         | 3 4 5 |  5.5
Fighting       | 5 6 |  6.7
Long Blades    | 5 6 |  6.7
Dodging        | 5 6 |  6.7
Translocations | 6 |  6.8

Action                   |  1- 3 |  4- 6 |  7- 9 | 10-12 || total
-------------------------+-------+-------+-------+-------++-------
Melee: Falchion          |   131 |   262 |   263 |       ||   656
       Bite              |    13 |    31 |    90 |     2 ||   136
       Dagger            |    11 |    13 |    84 |       ||   108
       Punch             |     1 |       |    13 |       ||    14
       Halberd           |       |       |    65 |       ||    65
       Long sword        |       |       |   161 |    23 ||   184
Throw: Stone             |       |       |     5 |       ||     5
       Throwing net      |       |       |     1 |       ||     1
 Cast: Shroud of Golubri |       |    14 |     2 |       ||    16
       Lesser Beckoning  |       |       |     1 |       ||     1
Evoke: Wand              |       |       |     2 |     4 ||     6
  Use: Potion            |       |       |     3 |     6 ||     9
       Scroll            |       |       |     6 |       ||     6
 Stab: Sleeping          |       |       |     7 |       ||     7
       Distracted        |       |       |     1 |       ||     1
  Eat: Chunk             |     1 |    23 |    31 |       ||    55
Armor: Leather armour    |     8 |       |       |       ||     8
       Ring mail         |    32 |    69 |   148 |    10 ||   259
       Skin              |       |       |       |    13 ||    13
Dodge: Dodged            |    82 |   201 |   421 |    14 ||   718
       Rpst.: Falchion   |    27 |    54 |    57 |       ||   138
       Long sword        |       |       |    32 |     4 ||    36

Table legend:
 A = Spawn XP
 B = Non-spawn XP
 C = Spawn XP percentage of total XP
 D = Spawn monster count
 E = Non-spawn monster count
 F = Spawn count percentage of total count
 G = Total turns spent on level
                    A         B        C        D         E        F      G
               +---------+---------+-------+---------+---------+-------+---------
         Total |       0 |    4902 |   0.0 |       0 |     220 |   0.0 |  8282
               +---------+---------+-------+---------+---------+-------+---------
           D:1 |       0 |      50 |   0.0 |       0 |      31 |   0.0 |   903
           D:2 |       0 |     103 |   0.0 |       0 |      30 |   0.0 |  1030
           D:3 |       0 |     343 |   0.0 |       0 |      35 |   0.0 |  1159
           D:4 |       0 |     842 |   0.0 |       0 |      36 |   0.0 |  1817
           D:5 |       0 |    1134 |   0.0 |       0 |      29 |   0.0 |  1581
           D:6 |       0 |    1743 |   0.0 |       0 |      42 |   0.0 |  1453
           D:7 |       0 |     687 |   0.0 |       0 |      17 |   0.0 |   339
               +---------+---------+-------+---------+---------+-------+---------
